 Dungeon Crawl Stone Soup version 0.29-a0-284-gf9362112df (webtiles) character file.

Game seed: 15518053568008617239

99796 spaghetti the Warrior (level 16, -3/171 HPs)
             Began as a Naga Fighter on Mar 15, 2022.
             Was an Elder of Trog.
             Slain by a spriggan defender
             ... wielding a +1 lajatang of pain
              (23 damage)
             ... on level 2 of the Depths on Mar 19, 2022.
             The game lasted 00:46:10 (18963 turns).

spaghetti the Warrior (Naga Fighter)               Turns: 18963, Time: 00:46:11

Health: -3/171     AC: 22    Str: 24    XL:     16   Next: 26%
Magic:  25/25      EV: 12    Int: 11    God:    Trog [****..]
Gold:   1499       SH: 13    Dex: 14    Spells: 15/15 levels left

rFire   + + .      SeeInvis +   Z - +14 lance "Wyrmbane" {slay drac, rPois rF+ rC+ AC+3}
rCold   + . .      Faith    .   c - +2 kite shield
rNeg    . . .      Spirit   .   o - +2 ring mail {rF+}
rPois   +          Reflect  .   i - +2 helmet
rElec   .          Harm     .   n - +0 cloak
rCorr   .          Rampage  .   Y - +2 pair of gloves
Will    +++++                   (no barding)
Stlth   +.........              s - amulet of regeneration {@e2}
HPRegen 2.18/turn               S - ring "Ywoewesuz" {MP+9 Str+3}
MPRegen 0.19/turn               (no ring)

@: about to teleport, strong-willed, on berserk cooldown, regenerating, hasted
and slowed, invisible, very slow
A: AC +5, large, see invisible, deformed body, poison resistance, slowness 2,
spit poison 1, naga tail 2, iridescent scales 1, strong-willed 1
a: Spit Poison, Renounce Religion, Berserk, Trog's Hand, Brothers in Arms


You were on level 2 of the Depths.
You worshipped Trog.
Trog was greatly pleased with you.
You visited 3 branches of the dungeon, and saw 18 of its levels.

You collected 1769 gold pieces.
You spent 270 gold pieces at shops.


Innate Abilities, Weirdness & Mutations

Your serpentine skin is tough. (AC +5)
You have supernaturally acute eyesight. (SInv)
Armour fits poorly on your strangely shaped body.
Your system is resistant to poisons. (rPois)
You cover ground very slowly.
You can spit poison.
You can use your snake-like lower body to constrict enemies.
You are partially covered in iridescent scales. (AC +2)
You are strong-willed. (Will+)


   Skills:
 + Level 17.6 Fighting
 - Level 15.3(15.8) Axes
 - Level 6.7(12.0) Polearms
 - Level 2.4 Armour
 + Level 9.3 Dodging
 - Level 10.3 Shields


You had 15 spell levels left.
You didn't know any spells.
Your spell library contained the following spells:

 Spells                   Type           Power      Damage    Failure   Level
 Slow                     Hex            0%         N/A       69%         1
 Summon Small Mammal      Summ           0%         N/A       69%         1
 Call Canine Familiar     Summ           0%         N/A       96%         3
 Confusing Touch          Hex            0%         N/A       96%         3
 Dazzling Flash           Conj/Hex       0%         N/A       96%         3
 Ozocubu's Armour         Ice            0%         N/A       96%         3
 Summon Guardian Golem    Hex/Summ       0%         N/A       96%         3
 Tukima's Dance           Hex            0%         N/A       96%         3
 Vampiric Draining        Necr           0%         2d6       96%         3
 Anguish                  Hex/Necr       0%         N/A       100%        4
 Animate Armour           Summ/Erth      0%         N/A       100%        4
 Iskenderun's Mystic Bla  Conj/Tloc      0%         2d3       100%        4
 Petrify                  Tmut/Erth      0%         N/A       100%        4
 Blade Hands              Tmut           0%         N/A       100%        5
 Metabolic Englaciation   Hex/Ice        0%         N/A       100%        5
 Summon Forest            Summ/Tloc      0%         N/A       100%        5
 Eringya's Noxious Bog    Tmut/Pois      0%         N/A       100%        6
 Iron Shot                Conj/Erth      0%         9d1       100%        6
 Starburst                Conj/Fire      0%         6d3       100%        6
 Statue Form              Tmut/Erth      0%         N/A       100%        6
 Enfeeble                 Hex            0%         N/A       100%        7
 Orb of Destruction       Conj           0%         9d5       100%        7
 Ozocubu's Refrigeration  Ice            0%         4d5       100%        7
 Spellforged Servitor     Conj/Summ      0%         N/A       100%        7
 Summon Hydra             Summ           0%         N/A       100%        7

Inventory:

Hand Weapons
 U - the +9 hand axe of Bodily Harmony {venom, rF+, axe}
   (You found it on level 10 of the Dungeon)

   It poisons the flesh of those it strikes.
   rF:        It protects you from fire.
 Z - the +14 lance "Wyrmbane" (weapon) {slay drac, rPois rF+ rC+ AC+3}
   (You found it on level 14 of the Dungeon)

   It inflicts extra damage against dragons and draconians.
   AC:        It affects your AC (+3).
   rF:        It protects you from fire.
   rC:        It protects you from cold.
   rPois:     It protects you from poison.
Missiles
 g - 19 stones {throwing}
Armour
 c - a +2 kite shield (worn)
   (You bought it in a shop on level 12 of the Dungeon)
 i - a +2 helmet (worn)
   (You found it on level 1 of the Dungeon)
 n - a +0 cloak (worn)
   (You found it on level 1 of the Dungeon)
 o - a +2 ring mail of fire resistance (worn)
   (You found it on level 1 of the Dungeon)
 Y - a +2 pair of gloves (worn)
   (You found it on level 13 of the Dungeon)
Jewellery
 a - a ring of magical power
   (You took it off a spriggan defender on level 2 of the Depths)
 s - an amulet of regeneration (around neck) {@e2}
   (You found it on level 2 of the Dungeon)
 H - a ring of fire
   (You found it on level 5 of the Dungeon)
 S - the ring "Ywoewesuz" (left hand) {MP+9 Str+3}
   (You took it off an ogre mage on level 14 of the Dungeon)

   [ring of magical power]

   Str:       It affects your strength (+3).
   MP:        It affects your magic capacity (+9).
Wands
 e - a wand of flame (4)
   (You found it on level 2 of the Depths)
 I - a wand of polymorph (9)
   (You found it on level 6 of the Dungeon)
 P - a wand of charming (3)
   (You took it off an efreet on level 14 of the Dungeon)
 V - a wand of acid (7)
   (You found it on level 10 of the Dungeon)
Scrolls
 b - 2 scrolls of immolation {!r!r}
 l - 3 scrolls of teleportation {@r4}
 w - 4 scrolls of enchant armour
 G - 3 scrolls of identify {@r1}
 J - 5 scrolls of magic mapping {!r}
 K - a scroll of enchant weapon
 X - a scroll of vulnerability {!r!r}
Potions
 d - a potion of might
 f - 4 potions of curing {@q1}
 h - 2 potions of lignification {!q}
 k - 2 potions of flight
 m - a potion of ambrosia
 p - a potion of mutation {!q}
 u - 5 potions of resistance
 B - 2 potions of berserk rage {!q}
 D - a potion of attraction {!q}
 T - a potion of cancellation
Miscellaneous
 R - a box of beasts
   (You took it off a crimson imp on level 9 of the Dungeon)

Dungeon Overview and Level Annotations

Branches:
Dungeon (15/15)            Temple (1/1) D:5            Lair (0/6) D:11
    Orc (0/2) D:12         Vaults (0/5) D:14         Depths (2/4) D:15

Altars:
Ashenzari
Dithmenos
Okawaru
Qazlal
Ru
Trog
Uskayaw
Vehumet

Shops:
D:3 :   D:10 (   D:12 [

Portals:
Hell: Depths:1
Trove: Depths:1 (give 7 scrolls of fog)

Annotations:
D:10 exclusions: door, electric eel and 1 more exclusion
D:15 1 runed translucent door, Gily's ghost, journeyman TrBe

.....u.
....uu. #
....... .#
....... ...
.##...#
####### ....
#..#
##.....#.....
##'
#............
#
#..i.@.i.....
#...ii.......
#............
#....##......
##### ......
....## ...#
####


You could see a spriggan defender, 2 spriggan riders and a spriggan berserker
(regenerating, strong-willed).


Message History

You are splashed with acid.
* * * LOW HITPOINT WARNING * * *
The cyan ugly thing tail-slaps you but does no damage. 😱 HP[-22]
You take 22 damage, and now have 12/171 hp.
Okay, then.
You feel much better.
Your surroundings suddenly seem different.
A spriggan defender, a spriggan berserker and 2 spriggan riders come into view.
The spriggan defender is wielding a +1 lajatang of pain.
You feel sick.
The spriggan defender shouts!
The spriggan berserker shouts!
The spriggan rider shouts! x2
You block the spriggan defender's attack.
You block the spriggan rider's attack.
The spriggan rider hits you from afar with a +3 spear.
* * * LOW HITPOINT WARNING * * *
The spriggan defender hits you with a +1 lajatang of pain.
* * * LOW HITPOINT WARNING * * *
You writhe in agony.
* * * LOW HITPOINT WARNING * * *
😱 HP[+19]
You regained 19 hp, and now have 31/171 hp.
Unknown command.
Okay, then.
You feel yourself speed up.
You feel sick.
You block the spriggan defender's attack.
The spriggan rider hits you from afar with a +3 spear.
* * * LOW HITPOINT WARNING * * *
The spriggan rider hits you from afar with a +0 spear.
* * * LOW HITPOINT WARNING * * *
You block the spriggan defender's attack.
The spriggan berserker hits you with a +0 war axe.
* * * LOW HITPOINT WARNING * * *
The spriggan rider closely misses you. You block the spriggan rider's attack.
The spriggan defender completely misses you.
The spriggan berserker completely misses you. 😱 HP[-11]
You take 11 damage, and now have 20/171 hp.
You feel much better.
You feel sick.
The spriggan defender hits you with a +1 lajatang of pain.
* * * LOW HITPOINT WARNING * * *
You writhe in agony.
* * * LOW HITPOINT WARNING * * *
The spriggan rider hits you but does no damage.
The spriggan rider misses you. 😱 HP[+15]
You regained 15 hp, and now have 35/171 hp.
Your skin crawls.
You feel strong-willed.
You feel sick.
You are no longer poisoned.
The spriggan defender closely misses you.
The spriggan berserker hits you with a +0 war axe!
* * * LOW HITPOINT WARNING * * *
The spriggan rider barely misses you.
The spriggan defender hits you with a +1 lajatang of pain.
* * * LOW HITPOINT WARNING * * *
You writhe in agony.
* * * LOW HITPOINT WARNING * * *
The spriggan rider hits you but does no damage. 😱 HP[-18]
You take 18 damage, and now have 17/171 hp.
You feel much better.
You block the spriggan defender's attack.
The spriggan berserker invokes Trog's protection!
You block the spriggan rider's attack.
The spriggan rider hits you from afar with a +0 spear!
* * * LOW HITPOINT WARNING * * *
😱 HP[+16]
You regained 16 hp, and now have 33/171 hp.
Okay, then.
As you read the scroll of teleportation {@r4}, it crumbles to dust.
You feel strangely unstable.
The spriggan defender hits you with a +1 lajatang of pain!
* * * LOW HITPOINT WARNING * * *
You writhe in agony.
* * * LOW HITPOINT WARNING * * *
You block the spriggan defender's attack.
The spriggan berserker closely misses you.
The spriggan rider hits you but does no damage.
The spriggan rider hits you from afar with a +3 spear!
* * * LOW HITPOINT WARNING * * *
😱 HP[-21]
You take 21 damage, and now have 12/171 hp.
Okay, then.
You feel better.
You block the spriggan defender's attack.
You block the spriggan berserker's attack.
The spriggan rider hits you but does no damage. x2
The spriggan defender hits you with a +1 lajatang of pain!
* * * LOW HITPOINT WARNING * * *
You writhe in agony.
* * * LOW HITPOINT WARNING * * *
😱 HP[-1]
You take 1 damage, and now have 11/171 hp.
Unknown command.
You feel better.
The spriggan defender hits you with a +1 lajatang of pain!!
You die...

Skill      XL: |  1  2  3  4  5  6  7  8  9 10 11 12 13 14 15 16 |
---------------+-------------------------------------------------+-----
Axes           | 3 4 5 6 7 8 10 12 15 | 15.3
Shields        | 3 4 5 6 8 9 10 | 10.3
Fighting       | 5 9 13 15 17 | 17.6
Dodging        | 3 5 8 9 |  9.3
Polearms       | 6 |  6.7
Armour         | |  2.4

Action                   |  1- 3 |  4- 6 |  7- 9 | 10-12 | 13-15 | 16-18 || total
-------------------------+-------+-------+-------+-------+-------+-------++-------
Melee: War axe           |    90 |   122 |   224 |   620 |   115 |       ||  1171
       Whip              |       |       |     2 |       |       |       ||     2
       Hand axe          |       |       |       |     5 |   139 |       ||   144
       Constrict         |       |       |       |       |   135 |     9 ||   144
       Lance             |       |       |       |       |   739 |    91 ||   830
Invok: Berserk           |       |       |     8 |    25 |    33 |     3 ||    69
       Trog's Hand       |       |       |       |     5 |     5 |     2 ||    12
       Brothers in Arms  |       |       |       |       |     1 |       ||     1
 Abil: Spit Poison       |     9 |     5 |     6 |     6 |     8 |       ||    34
Evoke: Box of beasts     |       |       |       |     1 |     1 |       ||     2
       Wand              |       |       |       |     1 |       |       ||     1
  Use: Scroll            |     3 |     5 |     3 |     8 |    12 |     4 ||    35
       Potion            |       |       |       |     9 |     4 |     7 ||    20
Armor: Scale mail        |    29 |       |       |       |       |       ||    29
       Ring mail         |    45 |    73 |   132 |   219 |   294 |    23 ||   786
Dodge: Dodged            |    56 |    30 |    38 |   147 |   172 |    23 ||   466
Block: Buckler           |    17 |     2 |       |       |       |       ||    19
       Tower shield      |       |    73 |   208 |   402 |     2 |       ||   685
       Kite shield       |       |       |       |   112 |   372 |    33 ||   517

Levels and vault maps discovered:
D:1:      doesnt_arrival_eight_statues, layout_basic,
          shapermc_ecumenical_altar_totnotflames
D:2:      layout_loops_ring
D:3:      layout_loops_ring, serial_shops, nicolae_shop_behind_doors
D:4:      layout_basic, general_overflow_altar
D:5:      layout_basic, okawaru_metal_pillars_1_2,
          minmay_temple_entry_statues_fountains, gup_ossuary_entry_pyramid
D:6:      layout_layer_cave
D:7:      layout_basic, uniq_pikel
D:8:      layout_cave_pools, grunt_ministairs_4, uniq_psyche
D:9:      layout_long_grid, minmay_nine_imps, uniq_maurice
D:10:     layout_roguey, serial_shops, nicolae_shop_behind_doors,
          serial_co_window_serial, co_window_paths_b, co_window_paths_b,
          co_window_corner_a, co_window_corner_a, co_window_paths_b,
          co_window_corner_ca, co_window_of_opportunity_b, co_window_corner_cb,
          co_window_of_opportunity_b, co_window_broadway_a, co_window_paths_c,
          glass_columns_b, glass_columns_b, glass_columns_a, glass_columns_a,
          chequers_serial_rivers_marsh, fungi_pond_lemuel, uniq_joseph,
          uniq_nergalle
D:11:     layout_basic, dpeg_oklobed_lair, hangedman_abyss_or_decor_lesser_grid,
          uniq_grum
D:12:     layout_loops_ring, kennysheep_orc_monster_closet_entryway,
          serial_shops, nicolae_shop_behind_doors
D:13:     layout_rooms, ashenzari_altar_1, uniq_lodul
D:14:     lemuel_ogre_cave, layout_irregular_city,
          hangedman_vaults_entry_quadrant_bands, nicolae_benzene_ring,
          uniq_roxanne
D:15:     gammafunk_depths_entry_grave, layout_irregular_city,
          nicolae_ru_awakened_eye, ebering_ghost_funeral_grove
Temple:   mainiacjoe_temple_cubbyholes
Depths:1: layout_basic, enter_trove_0, hangedman_coc_ice_floe,
          nicolae_qazlal_general_emergency, grunt_megastairs_1, uniq_nikola
Depths:2: minmay_the_grid_octo_triangle [minmay_the_grid_octo_fat_diamond,
          minmay_the_grid_octo_prize_square_snowflake,
          minmay_the_grid_octo_concentric], layout_basic,
          grunt_pan_entry_sceptre, serial_shops, shop, hell_entry,
          infiniplex_staircase_pool_2

Notes
Turn   | Place    | Note
-------+----------+-------------------------------------------
     0 | D:1      | spaghetti the Naga Fighter began the quest for the Orb.
     0 | D:1      | Reached XP level 1. HP: 21/21 MP: 1/1
     0 | D:1      | magus.rc [v1.9.6]
   124 | D:1      | HP: 5/21 [kobold/+0 short sword (5)]
   125 | D:1      | HP: 1/21 [kobold/+0 short sword (4)]
   858 | D:1      | Reached XP level 2. HP: 28/28 MP: 2/2
   954 | D:1      | magus.rc [v1.9.6]
   954 | D:1      | magus.rc [v1.9.6]
  1296 | D:1      | Found a faded altar of an unknown god.
  1557 | D:1      | Reached skill level 3 in Axes
  1674 | D:2      | Reached XP level 3. HP: 30/34 MP: 3/3
  2038 | D:2      | Reached skill level 4 in Axes
  2520 | D:3      | Reached XP level 4. HP: 42/42 MP: 4/4
  2813 | D:3      | Identified the ring "Todiohai" {MP+9 Str-5 Dex+6}
  2849 | D:3      | Found Irphuz's Book Shoppe.
  3203 | D:4      | Found a sacrificial altar of Ru.
  3214 | D:4      | You pick up a book of Maledictions and begin reading...
  3214 | D:4      | You add the spells Tukima's Dance, Anguish and Enfeeble to
                  | your library.
  3225 | D:4      | Reached XP level 5. HP: 44/49 MP: 5/5
  3257 | D:4      | Reached skill level 5 in Axes
  3257 | D:4      | Reached skill level 3 in Shields
  3312 | D:4      | Reached XP level 6. HP: 45/56 MP: 6/6
  3797 | D:5      | Entered Level 5 of the Dungeon
  3856 | D:5      | You pick up a book of Debilitation and begin reading...
  3856 | D:5      | You add the spells Slow, Vampiric Draining and Confusing
                  | Touch to your library.
  3900 | D:5      | Found a staircase to the Ecumenical Temple.
  3908 | D:5      | Reached skill level 6 in Axes
  3908 | D:5      | Reached skill level 4 in Shields
  3908 | D:5      | Reached XP level 7. HP: 45/62 MP: 7/7
  3923 | Temple   | Entered the Ecumenical Temple
  4027 | Temple   | Became a worshipper of Trog the Wrathful
  4184 | D:5      | Found an iron altar of Okawaru.
  4299 | D:5      | Reached skill level 5 in Shields
  4387 | D:5      | Reached skill level 7 in Axes
  4673 | D:6      | Reached XP level 8. HP: 33/69 MP: 8/8
  4785 | D:6      | Reached * piety under Trog
  4996 | D:6      | Noticed a troll
  5007 | D:6      | HP: 22/103 [troll (5)]
  5008 | D:6      | Killed a troll
  5009 | D:6      | Reached skill level 8 in Axes
  5009 | D:6      | Reached skill level 6 in Shields
  5052 | D:6      | magus.rc [v1.9.6]
  5281 | D:6      | Reached XP level 9. HP: 72/75 MP: 9/9
  5554 | D:6      | Reached skill level 9 in Axes
  5748 | D:6      | You add the spells Ozocubu's Armour and Ozocubu's
                  | Refrigeration to your library.
  6265 | D:7      | Reached skill level 7 in Shields
  6281 | D:7      | Noticed Pikel
  6300 | D:7      | Killed Pikel
  6477 | D:7      | Reached skill level 10 in Axes
  6678 | D:7      | Reached skill level 8 in Shields
  6902 | D:7      | Reached XP level 10. HP: 61/84 MP: 10/10
  6927 | D:8      | Reached ** piety under Trog
  7193 | D:8      | Noticed Psyche
  7200 | D:8      | Killed Psyche
  7201 | D:8      | Reached skill level 11 in Axes
  7615 | D:9      | Reached skill level 9 in Shields
  7692 | D:9      | Noticed a kobold demonologist
  7704 | D:9      | Killed a kobold demonologist
  7704 | D:9      | Reached *** piety under Trog
  7705 | D:9      | Reached skill level 12 in Axes
  7960 | D:9      | Noticed Maurice
  7970 | D:9      | Killed Maurice
  8055 | D:9      | Reached XP level 11. HP: 84/90 MP: 11/11
  8058 | D:9      | Reached skill level 13 in Axes
  8364 | D:10     | Entered Level 10 of the Dungeon
  8364 | D:10     | Noticed Joseph
  8374 | D:10     | Killed Joseph
  8385 | D:10     | Noticed a cyclops
  8388 | D:10     | HP: 21/90 [electric eel/bolt of electricity (10)]
  8462 | D:10     | Killed a cyclops
  8463 | D:10     | Reached skill level 14 in Axes
  8491 | D:10     | Noticed Nergalle
  8510 | D:10     | Killed Nergalle
  8708 | D:10     | Reached skill level 15 in Axes
  8879 | D:10     | Found Cyba's Weapon Shop.
  9035 | D:10     | You add the spells Summon Forest, Eringya's Noxious Bog and
                  | Summon Hydra to your library.
  9057 | D:10     | Identified the +9 hand axe of Bodily Harmony {venom, rF+}
  9593 | D:10     | magus.rc [v1.9.6]
  9734 | D:11     | Found a staircase to the Lair.
  9742 | D:11     | Noticed an oklob plant
  9759 | D:11     | Killed an oklob plant
  9760 | D:11     | Reached skill level 4 in Fighting
  9778 | D:11     | Noticed an eight-headed hydra
  9786 | D:11     | HP: 23/92 [seven-headed hydra (9)]
  9786 | D:11     | HP: 7/92 [seven-headed hydra (11)]
  9944 | D:11     | Noticed a two-headed ogre
  9953 | D:11     | Killed a two-headed ogre
 10048 | D:11     | Reached skill level 5 in Fighting
 10048 | D:11     | Reached XP level 12. HP: 94/103 MP: 12/12
 10298 | D:11     | Noticed a boulder beetle
 10322 | D:11     | Killed a boulder beetle
 10323 | D:11     | Reached skill level 6 in Fighting
 10445 | D:11     | Killed a three-headed hydra
 10614 | D:11     | Noticed Grum
 10623 | D:11     | Killed Grum
 10624 | D:11     | Reached skill level 7 in Fighting
 10845 | D:12     | Noticed a two-headed ogre
 10850 | D:12     | Killed a two-headed ogre
 10880 | D:12     | Reached skill level 8 in Fighting
 10948 | D:12     | Noticed a two-headed ogre
 10964 | D:12     | Killed a two-headed ogre
 11020 | D:12     | Reached skill level 9 in Fighting
 11287 | D:12     | Found Tiny's Antique Armour Shop.
 11290 | D:12     | Bought a glowing kite shield for 270 gold pieces
 11327 | D:12     | Found a staircase to the Orcish Mines.
 11589 | D:13     | Noticed Lodul
 11589 | D:13     | Noticed a two-headed ogre
 11589 | D:13     | Noticed a two-headed ogre
 11589 | D:13     | Noticed a two-headed ogre
 11589 | D:13     | Noticed a two-headed ogre
 11589 | D:13     | Noticed a two-headed ogre
 11589 | D:13     | Noticed a rakshasa
 11664 | D:12     | Killed a two-headed ogre
 11704 | D:12     | Reached skill level 10 in Shields
 11709 | D:12     | Killed a two-headed ogre
 11837 | D:13     | Found a broken altar of Ashenzari.
 11850 | D:13     | Killed a rakshasa
 11882 | D:13     | HP: 18/115 [Lodul/bolt of lightning (27)]
 11954 | D:13     | Gained mutation: You are strong-willed. (Will+) [potion of
                  | mutation]
 11954 | D:13     | Gained mutation: You are partially covered in iridescent
                  | scales. (AC +2) [potion of mutation]
 12162 | D:13     | Gained mutation: You can use your snake-like lower body to
                  | constrict enemies. [Naga growth]
 12162 | D:13     | Reached XP level 13. HP: 105/123 MP: 13/13
 12379 | D:13     | Reached skill level 10 in Fighting
 12459 | D:13     | Killed Lodul
 12460 | D:13     | Reached skill level 11 in Fighting
 12617 | D:14     | Found the +8 lance "Wyrmbane" {slay drac, rPois rF+ rC+
                  | AC+3}
 12782 | D:14     | Reached skill level 12 in Fighting
 12869 | D:14     | Reached **** piety under Trog
 12991 | D:14     | Reached skill level 13 in Fighting
 13007 | D:14     | You pick up a book of Dangerous Friends {forbidden} and
                  | begin reading...
 13007 | D:14     | You add the spells Summon Guardian Golem, Orb of
                  | Destruction and Spellforged Servitor to your library.
 13031 | D:14     | Found a gate to the Vaults.
 13140 | D:14     | You fall into a shaft and drop 1 floor!
 13140 | D:15     | Entered Level 15 of the Dungeon
 13170 | D:15     | Reached skill level 1 in Dodging
 13242 | D:15     | Reached skill level 2 in Dodging
 13266 | D:15     | Reached skill level 3 in Dodging
 13315 | D:15     | Found a sacrificial altar of Ru.
 13324 | D:15     | Found a runed translucent door.
 13325 | D:15     | Noticed Gily's ghost (journeyman TrBe)
 13325 | D:15     | Identified the +8 trident of Ufissef {spect, Dex+7}
 13441 | D:15     | You pick up a book of Iron {forbidden} and begin reading...
 13441 | D:15     | You add the spells Animate Armour, Blade Hands and Iron
                  | Shot to your library.
 13543 | D:15     | Reached XP level 14. HP: 106/142 MP: 14/14
 13555 | D:15     | Reached skill level 14 in Fighting
 13660 | D:15     | Reached skill level 1 in Polearms
 13682 | D:15     | Found a staircase to the Depths.
 13691 | D:15     | Reached skill level 2 in Polearms
 13758 | D:15     | Reached skill level 3 in Polearms
 13864 | D:15     | Reached skill level 4 in Polearms
 14001 | D:15     | Reached skill level 5 in Polearms
 14037 | D:15     | You pick up a book of Spectacle {forbidden} and begin
                  | reading...
 14037 | D:15     | You add the spells Dazzling Flash, Iskenderun's Mystic
                  | Blast and Starburst to your library.
 14075 | D:15     | You pick up a book of Callings {forbidden} and begin
                  | reading...
 14075 | D:15     | You add the spells Summon Small Mammal and Call Canine
                  | Familiar to your library.
 14393 | D:14     | Reached skill level 6 in Polearms
 14790 | D:14     | Identified the ring "Ywoewesuz" {MP+9 Str+3}
 15057 | D:14     | Noticed Roxanne
 15090 | D:14     | Killed Roxanne
 15092 | D:14     | You pick up a book of Sloth {forbidden} and begin
                  | reading...
 15092 | D:14     | You add the spells Petrify, Metabolic Englaciation and
                  | Statue Form to your library.
 15591 | Depths:1 | Entered Level 1 of the Depths
 16159 | Depths:1 | Reached skill level 15 in Fighting
 16198 | Depths:1 | Reached skill level 4 in Dodging
 16199 | Depths:1 | Found a portal to a secret trove of treasure.
 16299 | Depths:1 | Noticed a stone giant
 16328 | Depths:1 | Killed a stone giant
 16389 | Depths:1 | Found a stormy altar of Qazlal.
 16477 | Depths:1 | Reached skill level 5 in Dodging
 16485 | Depths:1 | Reached XP level 15. HP: 141/154 MP: 15/15
 16736 | Depths:1 | Noticed Nikola
 16773 | Depths:1 | HP: 41/234 [Nikola/bolt of lightning (42)]
 16777 | Depths:1 | HP: 15/234 [blizzard demon/bolt of lightning (30)]
 16787 | Depths:1 | HP: 13/156 [Nikola/bolt of lightning (36)]
 16788 | Depths:1 | Noticed a fire giant
 16796 | Depths:1 | HP: 30/156 [fire giant/+2 great sword of flaming (16)]
 16803 | Depths:1 | Killed a fire giant
 16804 | Depths:1 | Reached skill level 6 in Dodging
 17040 | Depths:1 | Reached skill level 16 in Fighting
 17147 | Depths:1 | Killed Nikola
 17285 | Depths:1 | Found a gateway to Hell.
 17364 | Depths:1 | Noticed a sphinx
 17398 | Depths:1 | Killed a sphinx
 17713 | Depths:2 | Noticed a sphinx
 17722 | Depths:2 | Killed a sphinx
 17723 | Depths:2 | Reached skill level 7 in Dodging
 18037 | Depths:2 | Noticed a fire giant
 18053 | Depths:2 | Killed a fire giant
 18076 | Depths:2 | HP: 58/237 [flayed ghost/flay_damage (18)]
 18122 | Depths:2 | Noticed a frost giant
 18155 | Depths:2 | Aim: a frost giant, wielding a +1 battleaxe of freezing
                  | (about 8% to evade the +12 lance "Wyrmbane")
 18155 | Depths:2 | Aim: a frost giant, wielding a +1 battleaxe of freezing
                  | (about 8% to evade the +12 lance "Wyrmbane")
 18156 | Depths:2 | Aim: a frost giant, wielding a +1 battleaxe of freezing
                  | (lightly wounded, about 8% to evade the +12 lance
                  | "Wyrmbane")
 18156 | Depths:2 | Aim: a frost giant, wielding a +1 battleaxe of freezing
                  | (lightly wounded, about 8% to evade the +12 lance
                  | "Wyrmbane")
 18157 | Depths:2 | Aim: a frost giant, wielding a +1 battleaxe of freezing
                  | (moderately wounded, about 8% to evade the +12 lance
                  | "Wyrmbane")
 18157 | Depths:2 | Aim: a frost giant, wielding a +1 battleaxe of freezing
                  | (moderately wounded, about 8% to evade the +12 lance
                  | "Wyrmbane")
 18163 | Depths:2 | Killed a frost giant
 18184 | Depths:2 | Noticed a tengu reaver
 18193 | Depths:2 | Killed a tengu reaver
 18259 | Depths:2 | Aim: a rakshasa, wielding a +0 long sword and wearing a +0
                  | robe (about 29% to evade the +12 lance "Wyrmbane")
 18259 | Depths:2 | Aim: a rakshasa, wielding a +0 long sword and wearing a +0
                  | robe (about 29% to evade the +12 lance "Wyrmbane")
 18260 | Depths:2 | Aim: a rakshasa, wielding a +0 long sword and wearing a +0
                  | robe (lightly wounded, about 29% to evade the +12 lance
                  | "Wyrmbane")
 18260 | Depths:2 | Aim: a rakshasa, wielding a +0 long sword and wearing a +0
                  | robe (lightly wounded, about 29% to evade the +12 lance
                  | "Wyrmbane")
 18261 | Depths:2 | Aim: a rakshasa, wielding a +0 long sword and wearing a +0
                  | robe (moderately wounded, about 29% to evade the +12 lance
                  | "Wyrmbane")
 18261 | Depths:2 | Aim: a rakshasa, wielding a +0 long sword and wearing a +0
                  | robe (moderately wounded, about 29% to evade the +12 lance
                  | "Wyrmbane")
 18262 | Depths:2 | Aim: a rakshasa, wielding a +0 long sword and wearing a +0
                  | robe (moderately wounded, about 29% to evade the +12 lance
                  | "Wyrmbane")
 18262 | Depths:2 | Aim: a rakshasa, wielding a +0 long sword and wearing a +0
                  | robe (moderately wounded, about 29% to evade the +12 lance
                  | "Wyrmbane")
 18432 | Depths:2 | Noticed a sphinx
 18446 | Depths:2 | Killed a sphinx
 18447 | Depths:2 | Reached skill level 8 in Dodging
 18509 | Depths:2 | Reached skill level 17 in Fighting
 18516 | Depths:2 | Noticed a fire giant
 18526 | Depths:2 | Killed a fire giant
 18551 | Depths:2 | Noticed a caustic shrike
 18551 | Depths:2 | Noticed a storm dragon
 18551 | Depths:2 | Noticed a juggernaut
 18552 | Depths:2 | Noticed a frost giant
 18552 | Depths:2 | Noticed a tengu reaver
 18552 | Depths:2 | Noticed a tengu reaver
 18563 | Depths:2 | Killed a caustic shrike
 18568 | Depths:2 | Noticed a storm dragon
 18581 | Depths:2 | Killed a juggernaut
 18582 | Depths:2 | Reached XP level 16. HP: 169/169 MP: 16/16
 18595 | Depths:2 | Aim: an ettin, wielding two +0 dire flails (about 10% to
                  | evade the +12 lance "Wyrmbane")
 18595 | Depths:2 | Aim: an ettin, wielding two +0 dire flails (about 10% to
                  | evade the +12 lance "Wyrmbane")
 18598 | Depths:2 | Killed a storm dragon
 18599 | Depths:2 | Aim: a tengu reaver, wielding a +0 great sword of
                  | protection and wearing a +2 scale mail of cold resistance
                  | (about 32% to evade the +13 lance "Wyrmbane")
 18599 | Depths:2 | Aim: a tengu reaver, wielding a +0 great sword of
                  | protection and wearing a +2 scale mail of cold resistance
                  | (about 32% to evade the +13 lance "Wyrmbane")
 18604 | Depths:2 | Killed a storm dragon
 18605 | Depths:2 | Reached skill level 9 in Dodging
 18605 | Depths:2 | Aim: an ettin, wielding two +0 dire flails (about 10% to
                  | evade the +14 lance "Wyrmbane")
 18605 | Depths:2 | Aim: an ettin, wielding two +0 dire flails (about 10% to
                  | evade the +14 lance "Wyrmbane")
 18605 | Depths:2 | Aim: a frost giant, wielding a +1 battleaxe of freezing
                  | (about 8% to evade the +14 lance "Wyrmbane")
 18606 | Depths:2 | Aim: a frost giant, wielding a +1 battleaxe of freezing
                  | (lightly wounded, about 8% to evade the +14 lance
                  | "Wyrmbane")
 18606 | Depths:2 | Aim: a frost giant, wielding a +1 battleaxe of freezing
                  | (lightly wounded, about 8% to evade the +14 lance
                  | "Wyrmbane")
 18607 | Depths:2 | Aim: a frost giant, wielding a +1 battleaxe of freezing
                  | (moderately wounded, about 8% to evade the +14 lance
                  | "Wyrmbane")
 18607 | Depths:2 | Aim: a frost giant, wielding a +1 battleaxe of freezing
                  | (moderately wounded, about 8% to evade the +14 lance
                  | "Wyrmbane")
 18608 | Depths:2 | Aim: a frost giant, wielding a +1 battleaxe of freezing
                  | (moderately wounded, about 8% to evade the +14 lance
                  | "Wyrmbane")
 18608 | Depths:2 | Aim: a frost giant, wielding a +1 battleaxe of freezing
                  | (moderately wounded, about 8% to evade the +14 lance
                  | "Wyrmbane")
 18609 | Depths:2 | Aim: a frost giant, wielding a +1 battleaxe of freezing
                  | (heavily wounded, about 8% to evade the +14 lance
                  | "Wyrmbane")
 18609 | Depths:2 | Aim: a frost giant, wielding a +1 battleaxe of freezing
                  | (heavily wounded, about 8% to evade the +14 lance
                  | "Wyrmbane")
 18951 | Depths:2 | HP: 58/256 [tengu reaver/bolt of lightning (51)]
 18955 | Depths:2 | HP: 28/171 [vampire knight/+0 battleaxe (6)]
 18955 | Depths:2 | HP: 12/171 [acid (6)]
 18960 | Depths:2 | HP: 33/171 [spriggan rider/+0 spear[a spriggan defender]
                  | (11)]
 18961 | Depths:2 | HP: 12/171 [spriggan rider/+3 spear[a spriggan defender]
                  | (10)]
 18963 | Depths:2 | Slain by a spriggan defender

Vanquished Creatures
  A juggernaut (Depths:2)
  A caustic shrike (Depths:2)
  Nikola (Depths:1)
  3 sphinxes
  2 storm dragons (Depths:2)
  A tengu reaver (Depths:2)
  Roxanne (D:14)
  4 fire giants
  A frost giant (Depths:2)
  A spriggan defender (Depths:2)
  A very ugly thing (Depths:2)
  3 stone giants
  2 spark wasps (Depths:2)
  A blizzard demon (Depths:1)
  3 ettins
  A fire dragon (Depths:2)
  2 ice dragons (Depths:1)
  2 hydras
  3 spriggan zombies (D:15)
  3 rakshasas
  2 ogre magi
  4 boulder beetles
  10 two-headed ogres
  2 centaur warriors (D:14)
  A satyr (shapeshifter) (D:14)
  A vampire mage (Depths:2)
  2 tengu warriors
  A deep troll earth mage (Depths:1)
  5 deep troll shamans (Depths:1)
  A spriggan berserker (Depths:2)
  Nergalle (D:10)
  An iron troll (Depths:1)
  7 skeletal warriors
  10 deep trolls (Depths:1)
  2 glowing orange brains
  2 flayed ghosts
  Lodul (D:13)
  A glowing orange brain (shapeshifter) (Depths:1)
  2 wizards
  Pikel (D:7)
  A necromancer (D:15)
  An iron dragon zombie (D:15)
  An oklob plant (D:11)
  2 orc knights
  19 ugly things
  A deep elf pyromancer (D:14)
  A mana viper (shapeshifter) (Depths:1)
  A manticore (D:13)
  A cyclops (D:10)
  Joseph (D:10)
  Maurice (D:9)
  Psyche (D:8)
  4 centaur skeletons (D:14)
  2 kobold demonologists
  2 efreet
  5 tengu conjurers
  6 yaktaurs
  A komodo dragon (D:13)
  11 trolls
  A polar bear (shapeshifter) (D:14)
  A slime creature (shapeshifter) (Depths:2)
  A raiju (shapeshifter) (D:14)
  9 slime creatures
  A snapping turtle (shapeshifter) (D:15)
  4 wraiths
  A vampire (D:13)
  2 wyverns
  A water elemental (D:14)
  18 yaks
  2 basilisks (D:14)
  2 steam dragons (D:8)
  Grum (D:11)
  8 vampire mosquitoes
  14 two-headed ogre zombies (D:14)
  An acid dragon (D:13)
  A water moccasin (D:6)
  2 sky beasts
  10 orc warriors
  3 wolves (D:11)
  11 centaurs
  6 ogres
  5 boggarts (D:14)
  An ice beast (D:7)
  3 lemures (D:7)
  A phantom (D:7)
  10 kobold brigands
  4 gnoll sergeants (D:12)
  3 bullfrogs
  2 necrophages
  6 scorpions
  14 wights
  11 killer bees
  7 howler monkeys
  6 crimson imps (D:9)
  2 hounds
  3 jellies
  3 orc priests
  4 gnoll shamans
  5 iguanas
  11 orc wizards
  A mummy (D:5)
  24 gnolls
  8 adders
  2 shadow imps
  5 white imps
  2 ufetubi
  A worm (D:5)
  A dart slug (D:2)
  63 orcs
  6 ball pythons
  7 endoplasms
  2 giant cockroaches
  5 goblins
  6 hobgoblins
  4 jackals (D:2)
  31 kobolds
  2 quokkas
  4 bats
  5 frilled lizards
  4 rats
540 creatures vanquished.

Vanquished Creatures (collateral kills)
  A two-headed ogre (D:11)
1 creature vanquished.

Vanquished Creatures (others)
  An ettin (Depths:1)
  4 fungi (D:10)
  20 plants
  7 withered plants (D:15)
32 creatures vanquished.

Grand Total: 573 creatures vanquished

Table legend:
 A = Non-vault XP
 B = Vault XP
 C = Vault XP percentage of total XP
 D = Non-vault monster count
 E = Vault monster count
 F = Vault count percentage of total count
                 A         B        C        D         E       F
            +---------+---------+-------+---------+---------+-------
      Total |   88124 |   54443 |  38.2 |     420 |     118 |  21.9
            +---------+---------+-------+---------+---------+-------
        D:1 |      22 |       0 |   0.0 |      12 |       0 |   0.0
        D:2 |      56 |       0 |   0.0 |      25 |       0 |   0.0
        D:3 |      71 |       0 |   0.0 |      26 |       0 |   0.0
        D:4 |     328 |       0 |   0.0 |      25 |       0 |   0.0
        D:5 |     651 |      18 |   2.7 |      25 |       1 |   3.8
        D:6 |    1632 |       0 |   0.0 |      45 |       0 |   0.0
        D:7 |    1255 |     641 |  33.8 |      19 |       1 |   5.0
        D:8 |    1178 |     410 |  25.8 |      20 |       3 |  13.0
        D:9 |    3774 |     754 |  16.7 |      36 |      10 |  21.7
       D:10 |    4711 |    1225 |  20.6 |      38 |       2 |   5.0
       D:11 |    3583 |    1136 |  24.1 |      12 |       5 |  29.4
       D:12 |    5270 |    3602 |  40.6 |      19 |      22 |  53.7
       D:13 |    2836 |    3377 |  54.4 |       8 |       5 |  38.5
       D:14 |    9512 |   13750 |  59.1 |      33 |      42 |  56.0
       D:15 |   11501 |    4907 |  29.9 |      24 |       8 |  25.0
   Depths:1 |   21764 |    7020 |  24.4 |      29 |       6 |  17.1
   Depths:2 |   19980 |   17603 |  46.8 |      24 |      13 |  35.1
            +---------+---------+-------+---------+---------+-------

Illustrated notes

Table legend:
 A = Kills in this place as a percentage of kills in entire the game.
 B = Kills by you in this place as a percentage of kills by you in the entire game.
 C = Kills by friends in this place as a percentage of kills by friends in the entire game.
 D = Other kills in this place as a percentage of other kills in the entire game.
 E = Experience gained in this place as a percentage of experience gained in the entire game.
 F = Experience gained in this place divided by the number of levels of this place that you have seen.
                   A       B       C       D       E      F
               +-------+-------+-------+-------+-------+----------------------
         Total | 100.0 | 100.0 | 100.0 |   N/A | 100.0 | 7920.4
       Dungeon |  86.6 |  86.6 | 100.0 |   N/A |  53.4 | 5080.0
        Depths |  13.4 |  13.4 |   0.0 |   N/A |  46.6 | 33183.5
               +-------+-------+-------+-------+-------+----------------------

Table legend: (Time is in decaauts)
 A = Elapsed time spent in this place.
 B = Non-inter-level travel time spent in this place.
 C = Inter-level travel time spent in this place.
 D = Time resting spent in this place.
 E = Time spent auto-exploring this place.
 F = Levels seen in this place.
 G = Mean time per level.
                   A        B        C        D        E       F      G
               +--------+--------+--------+--------+--------+-----+--------+
         Total |  23965 |  22776 |   1189 |   3957 |  14618 |  18 | 1331.4 |
       Dungeon |  20120 |  19119 |   1001 |   2101 |  13509 |  15 | 1341.3 |
        Temple |    200 |    118 |     82 |      0 |    115 |   1 |  200.0 |
        Depths |   3644 |   3539 |    105 |   1855 |    994 |   2 | 1822.0 |
               +--------+--------+--------+--------+--------+-----+--------+

Top non-repeatable levels by time:
Depths:1: 2326 daAuts
     D:6: 2180 daAuts
     D:1: 2099 daAuts
    D:14: 1948 daAuts
    D:11: 1653 daAuts
    D:10: 1601 daAuts
    D:12: 1401 daAuts
    D:15: 1373 daAuts
Depths:2: 1318 daAuts
     D:9: 1113 daAuts
     D:2: 1073 daAuts
    D:13: 1037 daAuts
     D:5: 980 daAuts
     D:3: 978 daAuts
     D:7: 945 daAuts
